AoeStats
← RIO1000

Arabia

507839808Analyzed
1v1 RM · 13d ago on Sep 19, 2026· 65m 45s· 2 players
Game mode
Random Map
Map size
Tiny (2 player)
Population
200
Speed
Normal
Resources
Standard
Victory
Conquest
Starting age
Dark Age
Ending age
Imperial Age
RankedLock teamsTeams togetherTeam positionsShared explorationLock speedFull tech treeHidden civsTurbo modeCheats
Victory
Defeat
🇲🇽 Goths · Mexico
827
+17
🇲🇽 Magyars · Mexico
840
-17
Albert Wesker
9:54 Feudal Age
10:20 Double-Bit Axe
13:27 Gold Mining
14:00 Man-at-Arms
16:27 Loom
19:47 Horse Collar
22:44 Padded Archer Armor
22:34 Fletching
25:37 Castle Age
25:56 Scale Mail Armor
25:46 Long Swordsman
25:52 Elite Skirmisher
30:21 Bow Saw
30:14 Heavy Plow
33:32 Wheelbarrow
34:56 Hand Cart
37:24 Stone Mining
37:53 Squires
37:17 Pikeman
37:59 Bodkin Arrow
41:19 Chain Mail Armor
41:14 Forging
52:14 Imperial Age
51:38 Leather Archer Armor
52:49 Ballistics
52:32 Halberdier
54:24 Iron Casting
56:47 Conscription
57:34 Ring Archer Armor
58:35 Chemistry
57:25 Town Watch
61:48 Blast Furnace
60:49 Bracer
62:54 Capped Ram
RIO1000
3:50 Loom
10:19 Feudal Age
10:47 Double-Bit Axe
11:13 Gold Mining
13:35 Fletching
20:30 Castle Age
20:27 Padded Archer Armor
21:43 Bow Saw
22:38 Crossbowman
27:16 Bodkin Arrow
28:14 Thumb Ring
31:05 Bloodlines
32:50 Husbandry
34:46 Scale Barding Armor
37:35 Ballistics
37:41 Chain Barding Armor
40:12 Wheelbarrow
40:09 Stone Mining
40:43 Town Watch
48:42 Imperial Age
50:23 Arbalester
56:02 Two-Man Saw
56:55 Chemistry
55:41 Cavalier
Connection lost

Rejoining the realm…

Still unreachable

The connection could not be restored.

Session expired

The server has moved on; the page needs a fresh start.